 Dungeon Crawl Stone Soup version 0.22-a0-467-g5c5de1c (webtiles) character file.

117195 PegasusDuck the Fencer (level 16, -3/134 HPs)
             Began as a Ghoul Gladiator on June 9, 2018.
             Was the Champion of Ru.
             Slain by a shock serpent (12 damage)
             ... on level 2 of the Snake Pit on June 10, 2018.
             The game lasted 01:25:53 (26419 turns).

PegasusDuck the Fencer (Ghoul Gladiator)           Turns: 26419, Time: 01:25:53

Health: -3/134     AC: 26    Str: 24    XL:     16   Next: 73%
Magic:  13/13      EV: 11    Int:  4    God:    Ru [******]
Gold:   2465       SH:  0    Dex: 10    Spells: 15/15 levels left

rFire    + . .     SeeInvis .   s - +2 great sword (protect)
rCold    + . .     Gourm    .   (shield currently unavailable)
rNeg     + + +     Faith    .   q - +2 plate armour {rPois}
rPois    ∞         Spirit   .   c - +1 helmet
rElec    .         Reflect  .   p - scarf {repulsion}
rCorr    .         Harm     .   g - +1 pair of gloves
MR       ++...                  x - +1 pair of boots
Stlth    ..........             v - amulet "Jaomnohe" {+Rage rF+}
HPRegen  0.00/turn              i - ring of protection from magic
MPRegen  0.13/turn              u - +3 ring of protection

@: no scrolls, rotting, drained, repel missiles
A: rotting body, claws 1, carnivore, cold resistance 1, low mp 1, negative
energy resistance 3, inhibited regeneration, torment resistance, unbreathing,
inability to read while threatened, inability to use devices, inexperienced 1
a: Draw Out Power, Power Leap, Apocalypse, Renounce Religion


You were on level 2 of the Snake Pit.
You worshipped Ru.
Ru was exalted by your worship.
You were not hungry.

You visited 4 branches of the dungeon, and saw 25 of its levels.
You also visited: Ossuary and Bailey.

You collected 3181 gold pieces.
You spent 716 gold pieces at shops.

Inventory:

Hand Weapons
 a - a +0 blowgun
 b - a +4 great sword
 s - a +2 great sword of protection (weapon)
Missiles
 d - 5 throwing nets
 j - 2 needles of frenzy
 m - 86 poisoned needles
 n - 432 stones
 o - 12 needles of confusion
 y - 19 tomahawks
 B - 4 javelins
 H - 35 tomahawks of returning (quivered)
 N - 4 curare-tipped needles
Armour
 c - a +1 helmet (worn)
 g - a +1 pair of gloves (worn)
 p - a scarf of repulsion (worn)
 q - a +2 plate armour of poison resistance (worn)
 x - a +1 pair of boots (worn)
Jewellery
 e - a cursed ring of loudness {unknown}
 i - a ring of protection from magic (left hand)
 u - a +3 ring of protection (right hand)
 v - the amulet "Jaomnohe" (around neck) {+Rage rF+}
   (You found it on level 6 of the Lair of Beasts)

   [amulet of rage]

   It protects you from fire.
   It lets you go berserk.
 I - an uncursed ring of protection from cold {unknown}
 L - an uncursed ring of magical power
 P - an uncursed ring of fire
 T - an uncursed ring of see invisible {unknown}
Scrolls
 k - 2 scrolls of blinking
 l - 13 scrolls of identify
 r - 2 scrolls of amnesia
 w - 11 scrolls of remove curse
 E - 2 scrolls of fear
 G - a scroll of fog
 M - 6 scrolls of magic mapping
 O - a scroll of torment {unknown}
 R - 5 scrolls of teleportation
Potions
 h - a potion of might
 t - 3 potions of haste
 z - 6 potions of brilliance
 A - 6 potions of curing
 C - 2 potions of agility
 D - 2 potions of magic
 F - 3 potions of flight
 J - 2 potions of ambrosia
 K - a potion of cancellation
Comestibles
 f - 48 rations


   Skills:
 - Level 10.0(9.8) Fighting
 - Level 18.0(17.7) Long Blades
 + Level 12.6(12.4) Throwing
 - Level 10.0(9.8) Armour
 - Level 10.0(9.8) Dodging


You had 15 spell levels left.
You didn't know any spells.
Your spell library contained the following spells:

 Spells                   Type           Power        Failure   Level  Hunger
 Conjure Flame            Conj/Fire      #.......     100%        3    ####...
 Confuse                  Hex            #.......     100%        3    ####...
 Freezing Cloud           Conj/Ice/Air   #.........   100%        6    #######
 Mephitic Cloud           Conj/Pois/Air  #.......     100%        3    ####...
 Ring of Flames           Chrm/Fire      #.........   100%        7    #######
 Venom Bolt               Conj/Pois      #.........   100%        5    ######.
 Olgreb's Toxic Radiance  Pois           #.......     100%        4    #####..
 Sting                    Conj/Pois      #...         100%        1    ##.....
 Confusing Touch          Hex            #.....       100%        1    ##.....
 Metabolic Englaciation   Hex/Ice        #.........   100%        5    ######.
 Petrify                  Tmut/Erth      #.......     100%        4    #####..
 Gell's Gravitas          Tloc           #.........   100%        3    ####...
 Yara's Violent Unravell  Hex/Tmut       #.........   100%        5    ######.
 Poisonous Vapours        Pois/Air       #.....       100%        2    ###....


Dungeon Overview and Level Annotations

Branches:
Dungeon (15/15)            Temple (0/1) D:6            Lair (6/6) D:11
 Shoals (0/4) Lair:4        Snake (2/4) Lair:4        Slime (0/5) Lair:6
    Orc (2/2) D:11            Elf (0/3) Orc:2        Vaults (0/5) D:14
 Depths (0/5) D:15

Altars:
Ashenzari
Cheibriados
Dithmenos
Fedhas
Gozag
Kikubaaqudgha
Makhleb
Ru
Sif Muna
Trog
Vehumet
Yredelemnul
The Shining One
Beogh

Shops:
D:6 :   D:9 !   Orc:2 %}:!

Annotations:
D:12 Rupert


Innate Abilities, Weirdness & Mutations

Your body is rotting away.
You thrive on raw meat.
You are immune to poison.
You have sharp fingernails.
You are carnivorous and can eat meat at any time.
Your flesh is cold resistant. (rC+)
Your magical capacity is low. (-10% MP)
You are immune to negative energy. (rN+++)
You do not regenerate when monsters are visible.
You are immune to unholy pain and torment.
You can survive without breathing.
You cannot read scrolls while threatened.
You cannot study or use magical devices.
You are somewhat inexperienced. (-2 XL)


Message History

You feel better.
The shock serpent shoots out a bolt of lightning at you!
The bolt of electricity hits you!
* * * LOW HITPOINT WARNING * * *
Okay, then.
You cannot read scrolls in your current state!
Unknown command.
Unknown command.
Okay, then.
Unknown command.
Unknown command.
Okay, then.
You redirect the shock serpent's attack!
Okay, then.
You feel better.
The shock serpent hisses angrily.
The shock serpent is no longer blind.
The shock serpent bites you!
* * * LOW HITPOINT WARNING * * *
The shock serpent shocks you!
You die...

#.....#.##
#####.#.)...#
#...#.###.### . #####
#)..#.###..##
..###...###...........#
..................:.#
#.....###.##.>.....#
#.....##..###.....##
#.# #.@..[)## ..#...#
#..# #.S..### #.##...#
#... #......# #. ###.#
#... ##...##.# #. .#
#...#######..### .#
#.......[÷...# #..#
#######....####.# ..# .
...........#.÷..##.# .#
#.....#..))#.......##.#


You could see a shock serpent.

Vanquished Creatures
  A nagaraja (Snake:2)
  Nessos (D:12)
  A dire elephant (Lair:6)
  A spark wasp (shapeshifter) (D:15)
  Josephine (D:13)
  An ogre mage (D:15)
  A rakshasa (D:14)
  Erolcha (D:13)
  A catoblepas (Lair:3)
  4 naga warriors (Snake:2)
  7 vault guards (D:14)
  8 hydras
  6 anacondas
  2 centaur warriors
  A death knight (D:11)
  A merfolk avatar (Lair:6)
  8 two-headed ogres
  A queen ant (shapeshifter) (D:14)
  A tengu warrior (D:11)
  An orc high priest (Orc:1)
  2 shock serpents (Snake:1)
  A fire crab (Lair:5)
  2 iron trolls (D:14)
  A deep troll (D:14)
  A naga ritualist (Snake:1)
  A sea snake (Lair:6)
  2 unseen horrors
  2 harpies (Lair:6)
  2 phantasmal warriors (D:11)
  A wolf spider zombie (D:10)
  5 ugly things
  2 orc knights
  A deep elf mage (D:14)
  11 orc sorcerers
  3 cyclopes
  An oklob plant (Lair:4)
  A guardian serpent (shapeshifter) (D:15)
  6 mana vipers
  A salamander (Snake:2)
  6 manticores
  7 naga magi
  15 elephants (Lair:6)
  2 guardian serpents
  24 black mambas
  A merfolk siren (Lair:4)
  9 spiny frogs
  6 centaur skeletons
  3 rime drakes
  2 kobold demonologists
  2 freezing wraiths
  8 komodo dragons
  10 trolls
  4 polar bears (Lair:6)
  A wind drake (Lair:6)
  23 blink frogs
  2 hornets
  Prince Ribbit (D:7)
  2 slime creatures
  7 dream sheep (Lair:6)
  10 hippogriffs
  33 flying skulls
  A spriggan (D:8)
  A shadow (D:11)
  33 yaks
  6 wyverns
  2 vampires
  5 wraiths
  5 water elementals
  5 basilisks
  3 hungry ghosts
  5 vampire mosquitoes
  7 wargs
  18 nagas
  A harpy simulacrum (D:15)
  5 water moccasins
  3 porcupines
  3 black bears
  16 orc warriors
  2 sky beasts
  4 ice beasts
  A swamp drake (D:11)
  3 phantoms
  A necrophage (D:13)
  12 ogres
  7 centaurs
  22 crocodiles
  18 wolves
  7 big kobolds
  12 bullfrogs
  A water moccasin zombie (D:8)
  2 gnoll sergeants
  A wyvern skeleton (D:8)
  5 scorpions
  8 killer bees (D:9)
  7 wights
  7 howler monkeys
  5 electric eels
  3 centaur zombies
  6 crimson imps
  6 jellies
  20 orc priests
  2 bullfrog zombies
  A gnoll shaman (D:10)
  4 hounds
  A quasit (D:7)
  2 bullfrog skeletons
  Jessica (D:3)
  10 worker ants
  Natasha (thrice) (D:3)
  6 iguanas
  42 orc wizards
  A hound skeleton (D:8)
  8 mummies (Ossuary)
  17 gnolls
  10 adders
  A shadow imp (D:14)
  12 white imps (Lair:3)
  An adder zombie (D:8)
  An adder skeleton (D:7)
  3 worms
  3 dart slugs
  6 leopard geckos
  78 orcs
  6 giant cockroaches
  A gnoll zombie (Ossuary)
  8 goblins
  6 hobgoblins
  9 quokkas
  3 ball pythons
  7 bats
  2 frilled lizards
  A goblin skeleton (D:7)
  A goblin zombie (D:7)
  7 hobgoblin zombies
  A jackal skeleton (D:7)
  25 kobolds
  A kobold zombie (Ossuary)
  A leopard gecko skeleton (D:6)
  An orc skeleton (D:7)
  4 orc zombies
  A quokka skeleton (D:4)
  A quokka zombie (D:7)
  5 rats
  A rat zombie (D:7)
  10 fungi
  13 plants
880 creatures vanquished.

Vanquished Creatures (others)
  A vault guard (D:14)
  An anaconda (Snake:2)
  A black mamba (Lair:4)
  A centaur zombie (D:11)
  2 trolls
  A shadow (D:14)
  A yak (Lair:2)
  A hungry ghost (D:11)
  An acid dragon (D:14)
  A wolf (Lair:4)
  An adder (D:12)
  3 orcs
  9 fungi (Lair:6)
  10 plants (Lair:6)
34 creatures vanquished.

Grand Total: 914 creatures vanquished

Notes
Turn   | Place    | Note
-------+----------+-------------------------------------------
     0 | D:1      | PegasusDuck the Ghoul Gladiator began the quest for the Orb.
     0 | D:1      | Reached XP level 1. HP: 17/17 MP: 0/0
   191 | D:1      | Reached skill level 3 in Long Blades
   252 | D:1      | Reached XP level 2. HP: 24/24 MP: 1/1
   390 | D:1      | You fall through a shaft!
   497 | D:2      | Reached XP level 3. HP: 28/28 MP: 2/2
   558 | D:2      | Reached skill level 4 in Long Blades
  1215 | D:1      | Reached XP level 4. HP: 31/34 MP: 3/3
  1541 | D:3      | Noticed Jessica
  1546 | D:3      | Killed Jessica
  1587 | D:3      | Found a sacrificial altar of Ru.
  1610 | D:3      | Reached skill level 5 in Long Blades
  1610 | D:3      | Reached XP level 5. HP: 13/39 MP: 4/4
  1710 | D:3      | Became a worshipper of Ru the Awakened
  1951 | D:3      | Found a burning altar of Makhleb.
  1956 | D:3      | Found an ancient bone altar of Kikubaaqudgha.
  1959 | D:3      | Found a shattered altar of Ashenzari.
  1962 | D:3      | Found a basalt altar of Yredelemnul.
  2089 | D:3      | Noticed Natasha
  2111 | D:3      | HP: 1/40 [Natasha/wand of flame (33) (5)]
  2113 | D:3      | Killed Natasha
  2135 | D:3      | Noticed Natasha
  2205 | D:4      | Reached skill level 6 in Long Blades
  2205 | D:4      | Reached XP level 6. HP: 38/48 MP: 5/5
  2912 | D:3      | Killed Natasha
  2964 | D:3      | Noticed Natasha
  2978 | D:3      | Killed Natasha
  2978 | D:3      | Reached skill level 7 in Long Blades
  2978 | D:3      | Reached XP level 7. HP: 23/55 MP: 6/6
  3143 | D:5      | Entered Level 5 of the Dungeon
  3208 | D:5      | Gained mutation: You cannot read scrolls while threatened. [Ru sacrifice]
  3208 | D:5      | Reached * piety under Ru
  3409 | D:5      | Found a snail-covered altar of Cheibriados.
  3493 | D:5      | Reached skill level 8 in Long Blades
  3764 | D:5      | Found a radiant altar of Vehumet.
  4074 | D:6      | Reached XP level 8. HP: 44/61 MP: 7/7
  4275 | D:6      | Reached skill level 9 in Long Blades
  4287 | D:6      | Found a bloodstained altar of Trog.
  4493 | D:6      | Found a staircase to the Ecumenical Temple.
  4581 | D:6      | Found a blossoming altar of Fedhas.
  4920 | D:6      | Found Moiziplu's Book Emporium.
  5061 | D:7      | Noticed Prince Ribbit
  5071 | D:7      | Killed Prince Ribbit
  5071 | D:7      | Reached skill level 10 in Long Blades
  5096 | D:7      | Found a sand-covered staircase.
  5108 | Ossuary  | Entered an ossuary
  5155 | Ossuary  | Reached XP level 9. HP: 64/68 MP: 8/8
  5515 | D:7      | Killed an unseen horror
  5831 | D:7      | Found a deep blue altar of Sif Muna.
  5886 | D:7      | Found a glowing golden altar of the Shining One.
  6793 | D:8      | Gained mutation: You cannot study or use magical devices. [Ru sacrifice]
  6793 | D:8      | Reached ** piety under Ru
  6793 | D:8      | Reached *** piety under Ru
  6793 | D:8      | Reached **** piety under Ru
  6842 | D:8      | Noticed a hornet
  6849 | D:8      | Killed a hornet
  6849 | D:8      | Reached XP level 10. HP: 60/90 MP: 9/9
  6908 | D:8      | Noticed a two-headed ogre
  6914 | D:8      | Killed a two-headed ogre
  6914 | D:8      | Reached skill level 11 in Long Blades
  7338 | D:8      | Reached skill level 12 in Long Blades
  7650 | D:9      | Noticed a two-headed ogre
  7770 | D:9      | Found a shadowy altar of Dithmenos.
  7777 | D:9      | Found an opulent altar of Gozag.
  7900 | D:9      | Found Liusan's Distillery.
  7913 | D:9      | Bought a potion of heal wounds for 70 gold pieces
  7913 | D:9      | Bought a potion of heal wounds for 70 gold pieces
  7913 | D:9      | Bought 2 potions of heal wounds for 140 gold pieces
  7913 | D:9      | Bought a potion of heal wounds for 70 gold pieces
  7913 | D:9      | Bought a potion of heal wounds for 70 gold pieces
  7913 | D:9      | Bought a potion of haste for 140 gold pieces
  8001 | D:9      | Killed a two-headed ogre
  8043 | D:9      | Reached skill level 13 in Long Blades
  8126 | D:9      | Reached XP level 11. HP: 90/95 MP: 10/10
  8314 | D:10     | Entered Level 10 of the Dungeon
  8457 | D:10     | Killed an unseen horror
  8564 | D:10     | Noticed a purple ugly thing
  8604 | D:10     | Killed a purple ugly thing
  8633 | D:10     | Gained mutation: You are somewhat inexperienced. (-2 XL) [Ru sacrifice]
  8633 | D:10     | Reached XP level 10. HP: 90/90 MP: 9/9
  8633 | D:10     | Reached XP level 9. HP: 82/82 MP: 8/8
  8633 | D:10     | Reached ***** piety under Ru
  8777 | D:10     | You fall through a shaft for 3 floors!
  8787 | D:13     | Reached skill level 14 in Long Blades
  8802 | D:13     | Reached XP level 10. HP: 40/90 MP: 4/9
  8997 | D:13     | Found a basalt altar of Yredelemnul.
  8997 | D:13     | Noticed a vampire mage
  9006 | D:13     | Noticed a flayed ghost
  9015 | D:13     | Noticed Josephine
  9043 | D:13     | Killed Josephine
  9043 | D:13     | Reached skill level 15 in Long Blades
  9043 | D:13     | Reached XP level 11. HP: 28/95 MP: 10/10
  9045 | D:13     | Noticed a purple ugly thing
  9048 | D:13     | HP: 1/95 [purple ugly thing (7)]
  9070 | D:12     | Noticed Rupert
  9079 | D:12     | Noticed Nessos
  9373 | D:11     | Found a flagged portal.
  9461 | Bailey   | Entered a bailey
  9568 | Bailey   | Found a burning altar of Makhleb.
  9817 | D:11     | Found a staircase to the Orcish Mines.
  9819 | D:11     | Noticed a manticore
  9831 | D:11     | Killed a manticore
  9884 | D:11     | Noticed a tengu warrior
  9888 | D:11     | Killed a tengu warrior
  9900 | D:11     | Reached skill level 16 in Long Blades
 10178 | D:11     | Noticed a two-headed ogre
 10192 | D:11     | Killed a two-headed ogre
 10212 | D:11     | Noticed a red ugly thing
 10213 | D:11     | Noticed a five-headed hydra
 10221 | D:11     | Killed a seven-headed hydra
 10573 | D:11     | Noticed a soul eater
 10744 | D:11     | Found a staircase to the Lair.
 10858 | D:11     | Noticed a six-headed hydra
 10978 | D:11     | Noticed a phantasmal warrior
 10995 | D:11     | Reached XP level 12. HP: 86/103 MP: 11/11
 11029 | D:11     | Noticed a death knight
 11034 | D:11     | Killed a six-headed hydra
 11039 | D:11     | Killed a death knight
 11050 | D:11     | Gained mutation: Your magical capacity is low. (-10% MP) [Ru sacrifice]
 11050 | D:11     | Reached ****** piety under Ru
 11235 | Lair:1   | Entered Level 1 of the Lair of Beasts
 11241 | Lair:1   | Reached skill level 17 in Long Blades
 11350 | Lair:1   | Noticed a seven-headed hydra
 11356 | Lair:1   | Killed a seven-headed hydra
 12518 | Lair:2   | Reached skill level 1 in Armour
 12677 | Lair:2   | Noticed a seven-headed hydra
 12696 | Lair:2   | Killed an eight-headed hydra
 12696 | Lair:2   | Reached XP level 13. HP: 69/109 MP: 1/10
 13395 | Lair:3   | Reached skill level 18 in Long Blades
 14177 | Lair:4   | Reached skill level 5 in Armour
 14312 | Lair:4   | Found a staircase to the Snake Pit.
 14651 | Lair:4   | Found a staircase to the Shoals.
 16214 | Lair:6   | Entered Level 6 of the Lair of Beasts
 16226 | Lair:6   | Found a staircase to the Slime Pits.
 16377 | Lair:6   | Reached XP level 14. HP: 100/116 MP: 2/11
 16434 | Lair:6   | Noticed a dire elephant
 16442 | Lair:6   | Reached skill level 10 in Armour
 17495 | Lair:6   | Reached skill level 5 in Throwing
 17607 | Lair:6   | Killed a dire elephant
 17895 | Lair:6   | Reached skill level 10 in Fighting
 17899 | Lair:6   | Got a twitching lead amulet
 17924 | Lair:6   | Identified the amulet "Jaomnohe" {+Rage rF+} (You found it on level 6 of the Lair of Beasts)
 18191 | Orc:1    | Entered Level 1 of the Orcish Mines
 18782 | Orc:2    | Entered Level 2 of the Orcish Mines
 19127 | Orc:2    | Found Paonok's Food Boutique.
 19127 | Orc:2    | Found Qizesar's Gadget Emporium.
 19250 | Orc:2    | Found a staircase to the Elven Halls.
 19253 | Orc:2    | Paralysed by an orc sorcerer for 3 turns
 19568 | Orc:2    | Found Zet Vim's Book Boutique.
 19568 | Orc:2    | Found Zorodobu's Distillery.
 19582 | Orc:2    | Bought a potion of haste for 120 gold pieces
 19582 | Orc:2    | Bought a potion of curing for 36 gold pieces
 19598 | Orc:2    | Found a roughly hewn altar of Beogh.
 19937 | D:12     | Killed Nessos
 20239 | D:13     | Noticed Erolcha
 20246 | D:12     | Reached XP level 15. HP: 91/124 MP: 12/12
 20281 | D:13     | Killed Erolcha
 20320 | D:13     | Reached skill level 5 in Dodging
 21574 | D:14     | Found a gate to the Vaults.
 21918 | D:14     | Found a snail-covered altar of Cheibriados.
 22156 | D:14     | Reached skill level 10 in Throwing
 22770 | D:15     | Entered Level 15 of the Dungeon
 22778 | D:15     | Paralysed by an orc sorcerer for 6 turns
 23313 | D:15     | Noticed a storm dragon
 23313 | D:15     | a death yak changed into a storm dragon
 23313 | D:15     | Paralysed by an orc sorcerer for 6 turns
 23314 | D:15     | a storm dragon changed into a spark wasp
 23372 | D:15     | Reached XP level 16. HP: 99/132 MP: 10/13
 23424 | D:15     | Found a staircase to the Depths.
 23963 | D:13     | Reached skill level 10 in Dodging
 24158 | Snake:1  | Entered Level 1 of the Snake Pit
 25545 | Snake:2  | Noticed a nagaraja
 25932 | Snake:2  | Killed a nagaraja
 26167 | Snake:2  | Upgraded the game from 0.22-a0-460-g49b1da7 to 0.22-a0-467-g5c5de1c
 26419 | Snake:2  | Slain by a shock serpent

Vault maps used:
D:1:      dpeg_arrival_windows_large_door
D:2:      serial_park_tiny_2, kennysheep_boxes
D:3:      grunt_temple_overflow_cloverleaf, first_ration,
          nicolae_ru_great_annihilating_truth, uniq_natasha, uniq_jessica,
          uniq_robin
D:5:      fiery_altar_vehumet, cheibriados_altar_1, serial_bayou_pond_e,
          minmay_misc_feat_rugged
D:6:      nicolae_overflow_hidden_temple, marbit_many_paths,
          minmay_temple_entry_from_below_a, serial_shops, shop, kennysheep_dice
D:7:      lemuel_doored_altar, nicolae_tso_besieged_by_evil, enter_ossuary_4,
          uniq_prince_ribbit1
D:8:      the_bakery
D:9:      grunt_temple_overflow_open, serial_shops, shop, eino_jars
D:10:     kennysheep_decorative_pillar
D:11:     erik_lair_dragon, david_orc_1_choice, enter_bailey_8,
          hangedman_decor_peaks_small
D:12:     uniq_nessos, uniq_rupert
D:13:     lemuel_vampire_tower, grunt_potential, uniq_erolcha, uniq_josephine
D:14:     lemuel_troll_bridge, erik_vaults_2, basic_altar, serial_column_ruins,
          column_ruins_circle_medium, column_ruins_hut,
          column_ruins_corridor_straight, column_ruins_open_medium,
          column_ruins_grid_1, column_ruins_corridor_straight,
          minmay_misc_feat_diagonals, minmay_misc_feat_columns,
          nrook_guardian_serpent_ordinary
D:15:     hangedman_depths_entry_civil_slaughter, minmay_misc_feat_chi
Lair:1:   small_statue_intersection, grunt_forest_large_clearing_hut,
          grunt_megastairs_4
Lair:3:   serial_bayou, serial_bayou_ford_a, serial_bayou_pond_e,
          serial_bayou_pond_e, serial_bayou_pond_a, serial_bayou_pond_d,
          portal_ice_cave_entry_imps
Lair:4:   minmay_shoals_entry_lonely_mermaid, guppyfry_snake_entry_garden,
          grunt_megastairs_1, lemuel_fruit_tree
Lair:6:   gammafunk_lair_ancient_temple, minmay_slime_entry_pillars,
          infiniplex_staircase_pool, lemuel_fruit_fields
Orc:1:    basic_altar
Orc:2:    st_orc_town, special_room
Ossuary:  ossuary_tomb_3
Bailey:   bailey_axe_3, bailey

Skill      XL: |  1  2  3  4  5  6  7  8  9 10 11 12 13 14 15 16 |
---------------+-------------------------------------------------+-----
Long Blades    | 3 4 5 6 7 8 10 14 15 16 17 18 | 18.0
Fighting       | 8 10 | 10.0
Armour         | 3 9 10 | 10.0
Throwing       | 8 10 12 | 12.6
Dodging        | 4 9 10 | 10.0

Action                   |  1- 3 |  4- 6 |  7- 9 | 10-12 | 13-15 | 16-18 || total
-------------------------+-------+-------+-------+-------+-------+-------++-------
Melee: Long sword        |    57 |   209 |   383 |       |       |       ||   649
       Great sword       |       |       |    36 |   528 |  1118 |   338 ||  2020
Throw: Throwing net      |       |     2 |       |       |     5 |       ||     7
       Javelin           |       |       |     4 |    10 |       |       ||    14
       Tomahawk          |       |       |       |    21 |    51 |    33 ||   105
Invok: Sacrifice Words   |       |       |     1 |       |       |       ||     1
       Power Leap        |       |       |     1 |    12 |    23 |     4 ||    40
       Apocalypse        |       |       |     1 |     6 |    12 |     3 ||    22
       Sacrifice Artific |       |       |     1 |       |       |       ||     1
       Sacrifice Experie |       |       |     1 |       |       |       ||     1
       Draw Out Power    |       |       |       |     3 |       |       ||     3
       Sacrifice Essence |       |       |       |     1 |       |       ||     1
Evoke: Wand              |       |     3 |    33 |       |       |       ||    36
  Use: Scroll            |     2 |     3 |    10 |    20 |     6 |     1 ||    42
       Potion            |       |     3 |     1 |    14 |     9 |     4 ||    31
 Stab: Paralysed         |       |     2 |       |     8 |    46 |     7 ||    63
       Distracted        |       |       |     1 |     4 |     6 |     1 ||    12
       Invisible         |       |       |       |     7 |    12 |     6 ||    25
       Confused          |       |       |       |     2 |       |       ||     2
  Eat: Chunk             |     7 |    19 |    54 |   101 |   181 |    40 ||   402
Armor: Leather armour    |    11 |       |       |       |       |       ||    11
       Ring mail         |    11 |    93 |   164 |   224 |       |       ||   492
       Troll leather arm |       |       |       |    36 |       |       ||    36
       Scale mail        |       |       |       |    20 |   440 |       ||   460
       Plate armour      |       |       |       |       |   129 |   222 ||   351
Dodge: Dodged            |    41 |   131 |   218 |   425 |   516 |   160 ||  1491
       Deflected         |       |     5 |     8 |    24 |    14 |    11 ||    62
       Rpst.: Long sword |    15 |    37 |    56 |       |       |       ||   108
       Great sword       |       |       |     5 |   112 |   132 |    56 ||   305

Table legend:
 A = Spawn XP
 B = Non-spawn XP
 C = Spawn XP percentage of total XP
 D = Spawn monster count
 E = Non-spawn monster count
 F = Spawn count percentage of total count
 G = Total turns spent on level
                    A         B        C        D         E        F      G
               +---------+---------+-------+---------+---------+-------+---------
         Total |       0 |  175941 |   0.0 |       0 |     867 |   0.0 | 26419
               +---------+---------+-------+---------+---------+-------+---------
           D:1 |       0 |      24 |   0.0 |       0 |      14 |   0.0 |   777
           D:2 |       0 |      63 |   0.0 |       0 |      15 |   0.0 |   676
           D:3 |       0 |     250 |   0.0 |       0 |      25 |   0.0 |   898
           D:4 |       0 |     290 |   0.0 |       0 |      17 |   0.0 |   792
           D:5 |       0 |     433 |   0.0 |       0 |       9 |   0.0 |   894
           D:6 |       0 |     656 |   0.0 |       0 |      20 |   0.0 |   963
           D:7 |       0 |    1972 |   0.0 |       0 |      30 |   0.0 |  1255
           D:8 |       0 |    3450 |   0.0 |       0 |      33 |   0.0 |  1121
           D:9 |       0 |    2325 |   0.0 |       0 |      28 |   0.0 |   630
          D:10 |       0 |    2898 |   0.0 |       0 |      30 |   0.0 |   724
          D:11 |       0 |   11590 |   0.0 |       0 |      72 |   0.0 |  2620
          D:12 |       0 |    2868 |   0.0 |       0 |       6 |   0.0 |   218
          D:13 |       0 |   19599 |   0.0 |       0 |      83 |   0.0 |  1676
          D:14 |       0 |   23536 |   0.0 |       0 |      54 |   0.0 |  1631
          D:15 |       0 |    9436 |   0.0 |       0 |      24 |   0.0 |   659
        Lair:1 |       0 |    4628 |   0.0 |       0 |      19 |   0.0 |  1217
        Lair:2 |       0 |    6257 |   0.0 |       0 |      25 |   0.0 |   854
        Lair:3 |       0 |    3664 |   0.0 |       0 |      25 |   0.0 |   975
        Lair:4 |       0 |    9777 |   0.0 |       0 |      45 |   0.0 |  1803
        Lair:5 |       0 |    3411 |   0.0 |       0 |       9 |   0.0 |  1455
        Lair:6 |       0 |   23570 |   0.0 |       0 |      67 |   0.0 |  1279
       Snake:1 |       0 |   13555 |   0.0 |       0 |      30 |   0.0 |   917
       Snake:2 |       0 |   18981 |   0.0 |       0 |      35 |   0.0 |   757
         Orc:1 |       0 |    4590 |   0.0 |       0 |      31 |   0.0 |   258
         Orc:2 |       0 |    7528 |   0.0 |       0 |      89 |   0.0 |   870
       Ossuary |       0 |     149 |   0.0 |       0 |      16 |   0.0 |   308
        Bailey |       0 |     441 |   0.0 |       0 |      16 |   0.0 |   192
               +---------+---------+-------+---------+---------+-------+---------
